 Dungeon Crawl Stone Soup version 0.22-a0-568-g270d1ae (webtiles) character file.

10221 vinnietd the Spear-Bearer (level 11, -1/81 HPs)
             Began as a Formicid Fighter on June 29, 2018.
             Was an Elder of Makhleb.
             Engulfed by an ice statue's freezing vapour (2 damage)
             ... in an ice cave.
             The game lasted 00:18:20 (10477 turns).

vinnietd the Spear-Bearer (Formicid Fighter)       Turns: 10477, Time: 00:18:21

Health: -1/81      AC: 15    Str: 28    XL:     11   Next: 88%
Magic:  11/11      EV: 10    Int: 11    God:    Makhleb [****..]
Gold:   405        SH: 13    Dex: 16    Spells: 10/10 levels left

rFire    . . .     SeeInvis +   r - +10 glaive of Gloom {vamp, rElec Dex+6}
rCold    + + .     Gourm    .   c - +1 shield
rNeg     . . .     Faith    +   w - +6 ring mail of Hedge Wizardry {rC+ Str+6 Int-2}
rPois    .         Spirit   .   (helmet unavailable)
rElec    +         Reflect  .   (no cloak)
rCorr    .         Harm     .   (no gloves)
MR       +....     Clarity  +   p - +0 pair of boots
Stlth    +.........             q - amulet of faith
HPRegen  0.23/turn              x - ring of protection from cold
MPRegen  0.12/turn              E - +5 ring of intelligence

@: no status effects
A: permanent stasis, dig shafts and tunnels, four strong arms, antennae 3,
clarity, shaggy fur 1, weak 1
a: Dig, Shaft Self, Minor Destruction, Lesser Servant of Makhleb, Major
Destruction, Renounce Religion


You were in an ice cave.
You worshipped Makhleb.
Makhleb was greatly pleased with you.
You were not hungry.

You visited 1 branch of the dungeon, and saw 11 of its levels.
You also visited: Ice Cave.

You collected 658 gold pieces.
You spent 253 gold pieces at shops.

Inventory:

Hand Weapons
 r - the +10 glaive of Gloom (weapon) {vamp, rElec Dex+6}
   (You bought it in a shop on level 5 of the Dungeon)

   It inflicts no extra harm, but heals its wielder when it wounds a living foe.
   It affects your dexterity (+6).
   It insulates you from electricity.
Armour
 c - a +1 shield (worn)
 p - a +0 pair of boots (worn)
 w - the +6 ring mail of Hedge Wizardry (worn) {rC+ Str+6 Int-2}
   (You found it on level 4 of the Dungeon)

   It affects your strength (+6).
   It affects your intelligence (-2).
   It protects you from cold.
Jewellery
 g - an uncursed amulet of the gourmand
 o - an uncursed amulet of guardian spirit {unknown}
 q - an amulet of faith (around neck)
 s - an uncursed ring of protection from magic {unknown}
 t - an uncursed ring of flight {unknown}
 x - a ring of protection from cold (left hand)
 E - a +5 ring of intelligence (right hand)
Wands
 A - a wand of digging (18)
 B - a wand of acid (5)
 D - a wand of paralysis (23)
Scrolls
 b - 2 scrolls of enchant armour
 h - 2 scrolls of magic mapping
 i - 3 scrolls of identify {@r1}
 j - 2 scrolls of immolation
 m - 4 scrolls of remove curse {@r2}
 v - a scroll of enchant weapon
Potions
 d - 3 potions of might
 e - 3 potions of flight
 k - a potion of heal wounds {unknown}
 l - a potion of invisibility
 n - 4 potions of curing {@q1}
Comestibles
 f - 33 rations


   Skills:
 + Level 6.0 Fighting
   Level 7.3(10.9) Axes
 * Level 12.5(13.2) Polearms
 + Level 7.9 Armour
 + Level 8.7 Shields


You had 10 spell levels left.
You didn't know any spells.
Your spell library contained the following spells:

 Spells                   Type           Power        Failure   Level  Hunger
 Fireball                 Conj/Fire      #.........   100%        5    ######.
 Conjure Flame            Conj/Fire      #.......     83%         3    ####...
 Throw Flame              Conj/Fire      #.....       61%         2    ###....
 Sticky Flame             Conj/Fire      #.......     99%         4    #####..
 Flame Tongue             Conj/Fire      #....        45%         1    ##.....
 Inner Flame              Hex/Fire       #.......     83%         3    ####...


Dungeon Overview and Level Annotations

Branches:
Dungeon (11/15)            Temple (0/1) D:4            Lair (0/6) D:10
    Orc (0/2) D:9

Altars:
Ashenzari
Dithmenos
Fedhas
Gozag
Makhleb
Nemelex Xobeh
Trog
Vehumet
Xom
Yredelemnul
The Shining One

Shops:
D:4 *[%   D:5 (

Annotations:
IceCv 1 transporter, exclusion: ice statue


Innate Abilities, Weirdness & Mutations

You cannot be hasted, slowed, berserked, paralysed or teleported.
You can dig through walls and to a lower floor.
Your four strong arms can wield two-handed weapons with a shield.
You have a pair of large antennae on your head. (SInv)
You possess an exceptional clarity of mind.
You are covered in fur. (AC +1)
You are weak. (Str -2)


Message History

The ice statue is lightly damaged.
You block the ice beast's attack. x2
Unknown command.
You slice the ice statue!!
The ice statue is heavily damaged.
The ice beast hits you but does no damage. x2
Unknown command.
You slash the ice statue!
The ice statue is heavily damaged.
The ice statue glitters chillingly in the dim dungeon light.
The ice statue gestures at you. The shard of ice hits you!
You partially resist.
* * * LOW HITPOINT WARNING * * *
You block the ice beast's attack. x2
The ice statue gestures at you. The freezing blast misses you.
You slash the ice statue!
The ice statue is severely damaged.
You are engulfed in freezing vapours.
You resist.
You die...

###########
##...(©?...##
#...8.|.8...#
##....=.$....##
#......!......#
#.......§8§...#
#.......Y@§...#
##.......Y§§.##
#.....†§....#
#.....©.....#
##.........##
##...∩...##
##.....##
#######


You could see an ice statue and 2 ice beasts.

Vanquished Creatures
  2 two-headed ogres (D:9)
  2 ugly things (IceCv)
  An ice statue (IceCv)
  2 trolls
  A hippogriff (D:11)
  A spriggan (D:7)
  Eustachio (D:6)
  2 hungry ghosts
  A wyvern (D:11)
  3 wargs (D:10)
  Edmund (D:5)
  A water moccasin (D:7)
  5 sky beasts
  7 orc warriors
  A black bear (D:8)
  15 ice beasts
  An eye of draining (D:8)
  3 ogres
  4 centaurs
  2 big kobolds
  A wyvern zombie (D:8)
  4 bullfrogs
  2 scorpions
  A water moccasin zombie (D:7)
  A water moccasin skeleton (D:8)
  6 wights
  5 howler monkeys
  A bullfrog zombie (D:5)
  5 crimson imps
  2 quasits
  7 hounds
  2 jellies
  7 orc priests
  4 bullfrog skeletons
  A centaur skeleton (D:10)
  2 iguanas
  3 worker ants
  Terence (D:2)
  14 orc wizards
  Robin (D:2)
  4 gnolls (D:7)
  13 adders
  5 shadow imps
  3 oozes
  3 adder skeletons
  3 worms
  2 dart slugs (D:1)
  4 leopard geckos
  32 orcs
  3 ball pythons
  3 giant cockroaches
  10 hobgoblins
  6 jackals
  5 quokkas
  8 bats
  11 frilled lizards
  15 goblins
  A jackal skeleton (D:4)
  17 kobolds
  A leopard gecko skeleton (D:4)
  A leopard gecko zombie (D:2)
  8 rats
284 creatures vanquished.

Notes
Turn   | Place    | Note
-------+----------+-------------------------------------------
     0 | D:1      | vinnietd the Formicid Fighter began the quest for the Orb.
     0 | D:1      | Reached XP level 1. HP: 18/18 MP: 1/1
   101 | D:1      | Reached XP level 2. HP: 21/24 MP: 2/2
   411 | D:1      | Reached XP level 3. HP: 26/29 MP: 3/3
   889 | D:1      | Found a glowing golden altar of the Shining One.
  1588 | D:2      | Reached XP level 4. HP: 33/35 MP: 4/4
  1662 | D:2      | Noticed Terence
  1672 | D:2      | Killed Terence
  1672 | D:2      | Reached XP level 5. HP: 32/41 MP: 5/5
  1761 | D:2      | Noticed Robin
  1797 | D:2      | Reached skill level 5 in Axes
  1805 | D:2      | Killed Robin
  1835 | D:2      | Found a shimmering altar of Xom.
  1848 | D:2      | Found a bloodstained altar of Trog.
  1848 | D:2      | Found a faded altar of an unknown god.
  2049 | D:2      | Found a shadowy altar of Dithmenos.
  2093 | D:2      | Found a sparkling altar of Nemelex Xobeh.
  2118 | D:2      | Found a radiant altar of Vehumet.
  2320 | D:2      | Found an opulent altar of Gozag.
  2849 | D:3      | Reached XP level 6. HP: 47/47 MP: 6/6
  2980 | D:4      | Found a staircase to the Ecumenical Temple.
  3003 | D:4      | Found Zaot's General Store.
  3083 | D:4      | You fall through a shaft for 2 floors!
  3159 | D:6      | Noticed an ogre
  3170 | D:6      | Killed an ogre
  3170 | D:6      | HP: 2/47 [hound (4)]
  3175 | D:6      | HP: 1/47 [hound (1)]
  3211 | D:6      | Noticed Eustachio
  3279 | D:6      | Killed Eustachio
  3279 | D:6      | Reached skill level 5 in Shields
  3279 | D:6      | Reached XP level 7. HP: 40/52 MP: 7/7
  3807 | D:5      | Entered Level 5 of the Dungeon
  3843 | D:4      | Reached skill level 5 in Armour
  3843 | D:4      | Reached XP level 8. HP: 56/58 MP: 8/8
  3989 | D:4      | Found Quofag's Food Shop.
  4050 | D:4      | Found Jahomn's Armour Boutique.
  4161 | D:4      | Got a warped ring mail
  4162 | D:4      | Identified the +6 ring mail of Hedge Wizardry {rC+ Str+6 Int-2} (You found it on level 4 of the Dungeon)
  4582 | D:5      | Noticed Edmund
  4779 | D:5      | Killed Edmund
  4890 | D:5      | Found Vaotidawau's Antique Weapon Emporium.
  4906 | D:5      | Bought a bloodstained glaive for 253 gold pieces
  4906 | D:5      | Identified the +10 glaive of Gloom {vamp, rElec Dex+6} (You bought it in a shop on level 5 of the Dungeon)
  5005 | D:5      | Reached skill level 1 in Polearms
  5016 | D:5      | Reached skill level 2 in Polearms
  5292 | D:5      | Found a basalt altar of Yredelemnul.
  5620 | D:6      | Reached skill level 3 in Polearms
  5646 | D:6      | Reached XP level 9. HP: 63/64 MP: 9/9
  5986 | D:7      | Reached skill level 4 in Polearms
  6149 | D:7      | Found a blossoming altar of Fedhas.
  6149 | D:7      | Found a burning altar of Makhleb.
  6271 | D:7      | Became a worshipper of Makhleb the Destroyer
  6396 | D:7      | Reached skill level 5 in Polearms
  6574 | D:7      | Reached skill level 6 in Polearms
  6871 | D:8      | Reached skill level 7 in Polearms
  6914 | D:8      | Found a shattered altar of Ashenzari.
  7328 | D:8      | Reached skill level 8 in Polearms
  7362 | D:8      | Reached XP level 10. HP: 70/70 MP: 10/10
  7551 | D:9      | Noticed a two-headed ogre
  7560 | D:9      | Killed a two-headed ogre
  7560 | D:9      | Reached skill level 10 in Polearms
  8016 | D:9      | Reached * piety under Makhleb
  8236 | D:9      | Reached skill level 11 in Polearms
  8279 | D:9      | Reached ** piety under Makhleb
  8535 | D:9      | Gained mutation: You are covered in fur. (AC +1) [potion of mutation]
  8535 | D:9      | Gained mutation: You are weak. (Str -2) [potion of mutation]
  8535 | D:9      | Gained mutation: You possess an exceptional clarity of mind. [potion of mutation]
  8557 | D:9      | Found a staircase to the Orcish Mines.
  9045 | D:9      | Noticed a two-headed ogre
  9054 | D:9      | Killed a two-headed ogre
  9054 | D:9      | Reached XP level 11. HP: 48/78 MP: 11/11
  9383 | D:10     | Entered Level 10 of the Dungeon
 10052 | D:10     | Reached *** piety under Makhleb
 10064 | D:10     | Found a staircase to the Lair.
 10092 | D:10     | Found a sparkling altar of Nemelex Xobeh.
 10213 | D:11     | Reached skill level 5 in Fighting
 10227 | D:11     | Reached skill level 12 in Polearms
 10380 | D:11     | Found a frozen archway.
 10394 | D:11     | Reached **** piety under Makhleb
 10399 | IceCv    | Entered an ice cave
 10399 | IceCv    | Noticed a white ugly thing
 10400 | IceCv    | Found a transporter.
 10410 | IceCv    | Killed a white ugly thing
 10444 | IceCv    | Noticed a white ugly thing
 10448 | IceCv    | Killed a white ugly thing
 10453 | IceCv    | Found a transporter.
 10476 | IceCv    | HP: 1/81 [ice statue/shard of ice (20)]
 10477 | IceCv    | Engulfed by an ice statue's freezing vapour

Vault maps used:
D:1:      kilobyte_arrival_exit_the_forest, tso_altar
D:2:      nicolae_overflow_quartered_altars, grunt_gozag_statues,
          overflow_temple_1_default, chequers_ecumenical_altar_simple,
          uniq_robin, uniq_terence
D:4:      minmay_temple_entry_glassed_door, portal_sewer_entry_d, serial_shops,
          shop, shop_coins, nicolae_shop_waterfront
D:5:      lemuel_doored_altar, first_ration, serial_shops, shop, uniq_edmund
D:6:      grunt_decor_one_mirror, uniq_eustachio
D:7:      gammafunk_temple_overflow_statue, the_bakery
D:8:      evilmike_ruin_ashenzari
D:9:      david_orc_4, evilmike_butchery
D:10:     erik_lair_orcish_takeover, basic_altar
D:11:     portal_ice_cave_entry_ice_beasts
IceCv:    ice_cave_statue_garden_transporter

Skill      XL: |  1  2  3  4  5  6  7  8  9 10 11 |
---------------+----------------------------------+-----
Axes           | 3 4 5 6 7 |  7.3
Shields        | 5 6 7 8 |  8.7
Armour         | 4 5 6 7 |  7.9
Polearms       | 3 8 11 12 | 12.5
Fighting       | 4 6 |  6.0

Action                   |  1- 3 |  4- 6 |  7- 9 | 10-12 || total
-------------------------+-------+-------+-------+-------++-------
Melee: War axe           |    85 |   255 |    31 |       ||   371
       Broad axe         |       |       |    99 |       ||    99
       Glaive            |       |       |   131 |   332 ||   463
Invok: Minor Destruction |       |       |       |     1 ||     1
       Lesser Servant of |       |       |       |     1 ||     1
  Use: Scroll            |       |     6 |     2 |     5 ||    13
       Potion            |       |     1 |     2 |     5 ||     8
 Stab: Distracted        |       |       |     1 |       ||     1
  Eat: Chunk             |     1 |     7 |    11 |    12 ||    31
       Ration            |       |       |     2 |       ||     2
Armor: Scale mail        |    14 |       |       |       ||    14
       Plate armour      |    15 |   185 |    43 |       ||   243
       Skin              |       |       |    25 |     2 ||    27
       Ring mail         |       |       |    55 |   124 ||   179
Dodge: Dodged            |    23 |    46 |    71 |   119 ||   259
Block: Shield            |    51 |   143 |   138 |   237 ||   569

Table legend:
 A = Spawn XP
 B = Non-spawn XP
 C = Spawn XP percentage of total XP
 D = Spawn monster count
 E = Non-spawn monster count
 F = Spawn count percentage of total count
 G = Total turns spent on level
                    A         B        C        D         E        F      G
               +---------+---------+-------+---------+---------+-------+---------
         Total |       0 |   14602 |   0.0 |       0 |     284 |   0.0 | 10477
               +---------+---------+-------+---------+---------+-------+---------
           D:1 |       0 |      50 |   0.0 |       0 |      21 |   0.0 |  1129
           D:2 |       0 |     171 |   0.0 |       0 |      39 |   0.0 |  1286
           D:3 |       0 |      52 |   0.0 |       0 |      24 |   0.0 |   523
           D:4 |       0 |     358 |   0.0 |       0 |      22 |   0.0 |  1044
           D:5 |       0 |     582 |   0.0 |       0 |      13 |   0.0 |   859
           D:6 |       0 |     780 |   0.0 |       0 |      14 |   0.0 |  1049
           D:7 |       0 |     921 |   0.0 |       0 |      23 |   0.0 |   964
           D:8 |       0 |    1195 |   0.0 |       0 |      16 |   0.0 |   697
           D:9 |       0 |    4412 |   0.0 |       0 |      55 |   0.0 |  1832
          D:10 |       0 |     923 |   0.0 |       0 |      14 |   0.0 |   822
          D:11 |       0 |    2975 |   0.0 |       0 |      34 |   0.0 |   194
         IceCv |       0 |    2183 |   0.0 |       0 |       9 |   0.0 |    78
               +---------+---------+-------+---------+---------+-------+---------
